[Event "Titled Tuesday Blitz May 10 Late 2022"]
[White "Girsh, Daniel"]
[Black "Sabar, Ethmane Daouda"]
[WhiteFideId "30949190"]
[BlackFideId "19600097"]
[WhiteElo "2455"]
[BlackElo "1950"]
[Result "1-0"]
[Round "06"]
[TimeControl "180+1"]
[Date "2022.05.11"]
[WhiteClock "0:00:25"]
[BlackClock "0:00:39"]

1. e4 c5 2. Nf3 Nc6 3. Bb5 g6 4. Bxc6 bxc6 5. d3 Bg7 6. Nc3 d5 7. O-O Bg4 8. h3 Bxf3 9. Qxf3 e6 10. Re1 Ne7 11. Bg5 O-O 12. Rab1 Qd7 13. Bxe7 Qxe7 14. exd5 cxd5 15. Nxd5 Qd6 16. Nf6+ Kh8 17. Ne4 Qd5 18. b3 Bd4 19. c3 Bg7 20. Qe3 Rac8 21. Rbd1 h6 22. Qc1 Rfd8 23. Qc2 a5 24. Kh1 Rb8 25. c4 Qd4 26. Qd2 Rbc8 27. Qxa5 f5 28. Nd2 Qxf2 29. Nf3 Re8 30. Rd2 Qg3 31. Rde2 e5 32. Qa6 e4 33. dxe4 f4 34. e5 g5 35. Qg6 Rg8 36. Qf5 Rcf8 37. Qg4 Re8 38. e6 Bf6 39. e7 Qxg4 40. hxg4 Rg7 41. Re6 Bxe7 42. Ne5 Kg8 43. Nc6 Kf8 44. Rxe7 Rgxe7 45. Rxe7 Rxe7 46. Nxe7 Kxe7 47. Kg1 Kd6 48. a3 Kc6 49. b4 cxb4 50. axb4 Kb6 51. Kf2 Kc6 52. Kf3 Kb6 53. Ke4 Kc6 54. Kf5 h5 55. gxh5 f3 56. gxf3 g4 57. Kxg4 Kb6 58. h6 Kc6 59. h7 Kb6 60. h8=Q Kc6 61. Qd4 Kc7 62. Qd5 Kb6 63. Kf5 Kc7 64. Ke6 Kb6 65. Kd7 Ka6 66. Kc7 Ka7 67. Qb7# 1-0


[Site "https://www.chess.com"]

[Event "Titled Tuesday Blitz May 10 Late 2022"]
[White "Gomez Dieguez, David"]
[Black "Akrakan"]
[WhiteFideId "22223630"]
[WhiteElo "2115"]
[BlackElo "2117"]
[Result "0-1"]
[Round "06"]
[TimeControl "180+1"]
[Date "2022.05.11"]
[WhiteClock "0:00:06"]
[BlackClock "0:01:12"]

1. c4 e5 2. Nc3 Nf6 3. Nf3 d6 4. d4 exd4 5. Nxd4 Be7 6. g3 O-O 7. Bg2 c6 8. e4 Be6 9. b3 Nbd7 10. O-O a5 11. Bb2 Nc5 12. Qc2 Qd7 13. Rfe1 Bh3 14. Bh1 Rfe8 15. Rad1 Rad8 16. a3 Qc7 17. b4 axb4 18. axb4 Ne6 19. Nf5 h6 20. Ne2 Bxf5 21. exf5 Ng5 22. h4 Ngh7 23. Nd4 d5 24. c5 Bf8 25. Nf3 Ne4 26. Nd4 Nhf6 27. Bf3 Nxg3 28. fxg3 Qxg3+ 29. Qg2 Rxe1+ 30. Rxe1 Qxe1+ 31. Kh2 Re8 32. Kh3 Kh8 33. Ne2 Qxb4 34. Bd4 Rxe2 35. Qxe2 Qxd4 36. Kg3 Qxc5 37. Qb2 b5 38. Qa2 b4 39. Qa8 Kg8 40. Qb8 Qc3 41. Kg2 b3 42. Bd1 b2 43. Kf1 Qc1 44. Ke2 b1=Q 0-1


[Site "https://www.chess.com"]

[Event "Titled Tuesday Blitz May 10 Late 2022"]
[White "Gomez Ledo, Roberto Carlos"]
[Black "Bouget, Alexandre"]
[WhiteFideId "3507076"]
[BlackFideId "681318"]
[WhiteElo "2379"]
[BlackElo "2182"]
[Result "1-0"]
[Round "06"]
[TimeControl "180+1"]
[Date "2022.05.11"]
[WhiteClock "0:00:50"]
[BlackClock "0:01:04"]

1. d4 Nf6 2. Bf4 e6 3. e3 d5 4. Nf3 c5 5. c3 Nc6 6. Nbd2 Bd6 7. Bg3 O-O 8. Bd3 b6 9. e4 dxe4 10. Nxe4 Nxe4 11. Bxe4 Bb7 12. dxc5 Bxc5 13. Qa4 Rc8 14. Rd1 Qe7 15. O-O f5 16. Bc2 e5 17. Bh4 Qc7 18. Ng5 Nd8 19. Rd7 Qc6 20. Qxc6 Bxc6 21. Rxa7 h6 22. Bb3+ Kh8 23. Ne6 Nxe6 24. Bxe6 Rce8 25. Bf7 Ra8 26. Rxa8 Bxa8 27. Bg6 Bd5 28. a3 Bg8 29. Rd1 Bh7 30. Bxh7 Kxh7 31. b4 g5 32. bxc5 gxh4 33. cxb6 Rb8 34. Rb1 f4 35. a4 Rxb6 36. Rxb6 1-0


[Site "https://www.chess.com"]

[Event "Titled Tuesday Blitz May 10 Late 2022"]
[White "Gurevich, Dmitry"]
[Black "Bjelobrk, Igor"]
[WhiteFideId "2000407"]
[BlackFideId "4300726"]
[WhiteElo "2506"]
[BlackElo "2335"]
[Result "1-0"]
[Round "06"]
[TimeControl "180+1"]
[Date "2022.05.10"]
[WhiteClock "0:01:16"]
[BlackClock "0:00:34"]

1. d4 d5 2. c4 e6 3. Nc3 c5 4. cxd5 cxd4 5. Qxd4 Nc6 6. Qa4 exd5 7. e3 Nf6 8. Nf3 Bd6 9. Be2 O-O 10. O-O Re8 11. Rd1 Be6 12. Nb5 Bb8 13. b3 a6 14. Nbd4 Ne5 15. Nxe6 Rxe6 16. Bb2 Nc6 17. Qh4 Ba7 18. Ng5 Rd6 19. Bxf6 Rxf6 20. Qxh7+ Kf8 21. Qh8+ Ke7 22. Qxg7 d4 23. Bc4 Ne5 24. Ne4 Nf3+ 25. Kh1 Qh8 26. Qxf6+ Qxf6 27. Nxf6 1-0


[Site "https://www.chess.com"]

[Event "Titled Tuesday Blitz May 10 Late 2022"]
[White "Hansen, Eric"]
[Black "Petrovskyi, Vadym"]
[WhiteFideId "2606771"]
[BlackFideId "14165210"]
[WhiteElo "2568"]
[BlackElo "2400"]
[Result "1-0"]
[Round "06"]
[TimeControl "180+1"]
[Date "2022.05.10"]
[WhiteClock "0:00:06"]
[BlackClock "0:00:20"]

1. e4 c5 2. Nf3 d6 3. Bc4 Nf6 4. d3 e6 5. O-O Be7 6. Re1 O-O 7. c3 Nc6 8. Bb3 d5 9. e5 Nd7 10. d4 cxd4 11. cxd4 b5 12. Nc3 a6 13. g3 Nb6 14. h4 Nc4 15. Bc2 Bb7 16. Ne2 Rc8 17. Nf4 Qc7 18. Kg2 Nb4 19. Bb1 Nb6 20. Re2 g6 21. Be3 Nc4 22. h5 Nxe3+ 23. Rxe3 g5 24. Ne2 g4 25. Nh2 Kh8 26. Nxg4 Rg8 27. Nh6 Rg7 28. Rf3 Bg5 29. Ng4 a5 30. a3 Nc6 31. h6 Rgg8 32. Qd3 Rg6 33. Qxb5 Rgg8 34. Bd3 Nb8 35. Qa4 Ba6 36. Bxa6 Nxa6 37. Rc3 Qb6 38. Rxc8 Rxc8 39. Qd7 Rf8 40. Qd6 Rb8 41. Rh1 Nc7 42. Rh5 Qxb2 43. Qxc7 Rg8 44. Rxg5 Qb8 45. Qxb8 Rxb8 46. Rg7 Rf8 47. Nf6 a4 48. Rxh7# 1-0


[Site "https://www.chess.com"]

[Event "Titled Tuesday Blitz May 10 Late 2022"]
[White "Hnydiuk, Aleksander"]
[Black "Bernal Moro, Luis Javier"]
[WhiteFideId "1109057"]
[BlackFideId "2200236"]
[WhiteElo "2374"]
[BlackElo "2373"]
[Result "1-0"]
[Round "06"]
[TimeControl "180+1"]
[Date "2022.05.11"]
[WhiteClock "0:01:15"]
[BlackClock "0:00:27"]

1. g3 c5 2. Bg2 Nc6 3. Nf3 e5 4. c4 g6 5. O-O Bg7 6. Nc3 d6 7. e3 Nge7 8. d4 exd4 9. exd4 cxd4 10. Nb5 Bg4 11. Bf4 Nc8 12. Re1+ Kf8 13. Qd2 Bxf3 14. Bxf3 a6 15. Bxc6 bxc6 16. Nxd4 Qd7 17. Bh6 Ne7 18. Rad1 Rd8 19. Qf4 Kg8 20. Re2 Bxd4 21. Rxd4 Nf5 22. Rde4 d5 23. cxd5 cxd5 24. Re5 d4 25. Rxf5 Qxf5 26. Qxd4 1-0


[Site "https://www.chess.com"]

[Event "Titled Tuesday Blitz May 10 Late 2022"]
[White "Hoffmann, Asa"]
[Black "Gatterer, Florian"]
[WhiteFideId "2001470"]
[BlackFideId "811688"]
[WhiteElo "2117"]
[BlackElo "2218"]
[Result "1-0"]
[Round "06"]
[TimeControl "180+1"]
[Date "2022.05.11"]
[WhiteClock "0:00:55"]
[BlackClock "0:00:11"]

1. d4 d5 2. Bg5 f6 3. Bf4 c5 4. e3 Nc6 5. Nc3 e5 6. dxe5 fxe5 7. Bg3 d4 8. Nce2 Nf6 9. exd4 cxd4 10. a3 a5 11. Nf3 Bd6 12. c3 Bg4 13. cxd4 Bxf3 14. gxf3 exd4 15. Qb3 d3 16. Nc3 d2+ 17. Kd1 Qe7 18. Bb5 O-O-O 19. Bxc6 bxc6 20. Qc4 Qd7 21. Qa6+ Qb7 22. Qxa5 Qb3+ 23. Ke2 Rhe8+ 24. Kf1 Bxg3 25. hxg3 Re1+ 26. Kg2 Rxh1 27. Rxh1 Nd5 28. Qa8+ Kc7 29. Qa7+ Qb7 30. Qxb7+ Kxb7 31. Nxd5 Rxd5 32. Rd1 Kb6 33. Kf1 Kb5 34. Ke2 Kc4 35. Rxd2 Rxd2+ 36. Kxd2 h5 37. f4 g6 38. Kc2 Kd5 39. b4 Ke4 40. a4 Kf3 41. a5 Kxf2 42. a6 Kxg3 43. a7 h4 44. a8=Q h3 45. Qxc6 h2 46. Qxg6+ Kxf4 47. Qh6+ Kg3 48. b5 h1=Q 49. Qxh1 Kf2 50. Kd2 1-0


[Site "https://www.chess.com"]

[Event "Titled Tuesday Blitz May 10 Late 2022"]
[White "Ibarra Jerez, Jose Carlos"]
[Black "Hakobyan, Aram"]
[WhiteFideId "2226332"]
[BlackFideId "13306677"]
[WhiteElo "2626"]
[BlackElo "2557"]
[Result "1-0"]
[Round "06"]
[TimeControl "180+1"]
[Date "2022.05.10"]
[WhiteClock "0:00:11"]
[BlackClock "0:00:01"]

1. e4 e5 2. Nf3 Nc6 3. d4 exd4 4. Nxd4 Nf6 5. Nxc6 bxc6 6. Bd3 d5 7. exd5 cxd5 8. O-O Bd6 9. Re1+ Be6 10. Bb5+ Kf8 11. Nd2 c5 12. Nf3 h6 13. b3 Rb8 14. Bd3 Ne4 15. Bb2 Ng5 16. Ne5 Qc7 17. Qh5 c4 18. Bf1 c3 19. Bc1 Bxe5 20. Bxg5 Bxh2+ 21. Kh1 Bd6 22. Be3 Rb4 23. a3 g6 24. Qxh6+ Rxh6+ 25. Bxh6+ Kg8 26. axb4 Bf5 27. Re8+ Kh7 28. Bg5 Be5 29. Re1 Bg7 30. R8e7 Qd8 31. f4 Qf8 32. Rxa7 Bxc2 33. Ree7 1-0


[Site "https://www.chess.com"]

[Event "Titled Tuesday Blitz May 10 Late 2022"]
[White "Jacobson, Aaron"]
[Black "Weber, Samuel"]
[WhiteFideId "2089912"]
[BlackFideId "12924008"]
[WhiteElo "2265"]
[BlackElo "2215"]
[Result "0-1"]
[Round "06"]
[TimeControl "180+1"]
[Date "2022.05.11"]
[WhiteClock "0:00:02"]
[BlackClock "0:00:04"]

1. d4 Nf6 2. e3 e6 3. g4 h6 4. h4 b6 5. Rh3 Bb7 6. g5 hxg5 7. hxg5 Rxh3 8. Nxh3 Ne4 9. Qh5 g6 10. Qh8 Nxg5 11. Nc3 Nf3+ 12. Kd1 Qh4 13. Qg8 Nc6 14. Ne2 O-O-O 15. Qxf7 Nh2 16. Bg2 Ne5 17. Bxb7+ Kxb7 18. dxe5 Qxh3 19. Ng3 Qg4+ 20. Ke1 Bb4+ 21. c3 Rf8 22. Qxd7 Nf3+ 23. Kf1 Qh3+ 24. Ke2 Ng1+ 25. Ke1 Nf3+ 26. Ke2 Nxe5 27. Qd4 Bd6 28. Qe4+ Kb8 29. Bd2 Ng4 30. Nh1 Qh5 31. f3 Nh2 32. Qxe6 Qxf3+ 33. Kd3 Ng4 34. Kc2 Ne5 35. Kb3 Qe2 36. Qd5 Nd3 37. Kc2 Nc5 38. b4 Nd7 39. Qd3 Qg4 40. Rf1 Rxf1 41. Qxf1 Qe4+ 42. Kb2 Ne5 43. Nf2 Nc4+ 44. Kc1 Qd5 45. Qe2 Ne5 46. e4 Qxa2 47. Nd3 Qa1+ 48. Kc2 Qa4+ 49. Kb2 Qb5 50. Nc1 Nc4+ 51. Kb3 Nxd2+ 52. Qxd2 Qe5 53. Qd3 g5 54. Ne2 g4 55. Nd4 Kb7 56. Qc4 c5 57. Qf7+ Qe7 58. Qd5+ Kc7 59. Ne6+ Kd7 60. Ng5 Ke8 61. Qg8+ Kd7 62. b5 g3 63. Qd5 Qe5 64. Qc6+ Ke7 65. Qb7+ Kf6 66. Nh7+ Kg6 67. Qd7 Qxe4 68. Qxd6+ Kxh7 69. Qxg3 Qb1+ 70. Ka4 Qa2# 0-1


[Site "https://www.chess.com"]

[Event "Titled Tuesday Blitz May 10 Late 2022"]
[White "Janaszak, Dawid"]
[Black "Avalos Parra, Joao"]
[WhiteFideId "1119206"]
[BlackFideId "3402541"]
[WhiteElo "2199"]
[BlackElo "2173"]
[Result "1-0"]
[Round "06"]
[TimeControl "180+1"]
[Date "2022.05.11"]
[WhiteClock "0:00:54"]
[BlackClock "0:00:01"]

1. e4 c6 2. b3 d5 3. Bb2 dxe4 4. Nc3 Nf6 5. Qe2 Bf5 6. O-O-O e6 7. h3 h5 8. f3 exf3 9. Nxf3 Nbd7 10. Kb1 Qc7 11. Nd4 Bg6 12. g3 O-O-O 13. Bg2 Qxg3 14. Bxc6 Nc5 15. Na4 bxc6 16. Nxc5 Bxc5 17. Qa6+ Kc7 18. Qxc6+ Kb8 19. Qxc5 Qc7 20. Nc6+ Ka8 21. Be5 Qb7 22. Nxd8 Rxd8 23. d3 Rc8 24. Qf2 Nd5 25. Bxg7 f6 26. Bxf6 Rf8 27. Rhg1 Rxf6 28. Qd4 Qc7 29. c4 Rf4 30. Qh8+ Kb7 31. Rxg6 Nb4 32. Rg7 Rf7 33. Rdg1 1-0


[Site "https://www.chess.com"]

[Event "Titled Tuesday Blitz May 10 Late 2022"]
[White "Jones, Gawain C B"]
[Black "Bettalli, Francesco"]
[WhiteFideId "409561"]
[BlackFideId "2816453"]
[WhiteElo "2657"]
[BlackElo "2216"]
[Result "1-0"]
[Round "06"]
[TimeControl "180+1"]
[Date "2022.05.10"]
[WhiteClock "0:00:38"]
[BlackClock "0:00:17"]

1. Nf3 c5 2. g3 g6 3. c3 Bg7 4. e4 e6 5. d4 cxd4 6. cxd4 d5 7. e5 f6 8. Bg2 Nc6 9. Bf4 g5 10. exf6 Bxf6 11. Be5 g4 12. Nfd2 Bxe5 13. dxe5 Nxe5 14. O-O Nf6 15. f4 Qb6+ 16. Kh1 Nd3 17. Qe2 Qa6 18. Na3 O-O 19. Nc2 Bd7 20. Nd4 Nxb2 21. Qe5 Nd3 22. Qg5+ Kh8 23. N2b3 Rac8 24. Rad1 Nc5 25. Nxc5 Rxc5 26. Qe5 Kg8 27. f5 exf5 28. Qe7 Rcc8 29. Rxf5 Rf7 30. Rg5+ Kh8 31. Qxf7 1-0


[Site "https://www.chess.com"]

[Event "Titled Tuesday Blitz May 10 Late 2022"]
[White "Kanyamarala, Trisha"]
[Black "Wartiovaara, Oliver"]
[WhiteFideId "45004722"]
[BlackFideId "513024"]
[WhiteElo "2134"]
[BlackElo "1971"]
[Result "0-1"]
[Round "06"]
[TimeControl "180+1"]
[Date "2022.05.11"]
[WhiteClock "0:00:01"]
[BlackClock "0:00:01"]

1. c4 g6 2. Nc3 c5 3. Nf3 Bg7 4. g3 Nc6 5. Bg2 e6 6. O-O Nge7 7. d4 cxd4 8. Nb5 d5 9. cxd5 exd5 10. Bf4 O-O 11. Nfxd4 a6 12. Nxc6 bxc6 13. Nd4 c5 14. Nb3 c4 15. Nd4 Qb6 16. Be3 Qf6 17. Rc1 Bb7 18. b3 cxb3 19. Nxb3 Nf5 20. Bc5 Rfd8 21. Na5 Bc8 22. Qb3 Be6 23. Nc6 Rdc8 24. Bb6 Bd7 25. Qxd5 Bxc6 26. Rxc6 Rxc6 27. Qxc6 Qxc6 28. Bxc6 Rb8 29. Ba5 Rb2 30. Bd5 Nd4 31. Bc7 Nxe2+ 32. Kg2 Nc3 33. Bb3 Nxa2 34. Bd5 Nc3 35. Bc4 Bf8 36. Rc1 Nb5 37. Bd5 Nd6 38. Ba5 Nb5 39. Bc3 Nd6 40. Be5 Rb5 41. Bd4 Rxd5 0-1


[Site "https://www.chess.com"]

[Event "Titled Tuesday Blitz May 10 Late 2022"]
[White "Kate1606"]
[Black "Piliczewski, Bogusz"]
[BlackFideId "1104144"]
[WhiteElo "2064"]
[BlackElo "1896"]
[Result "1-0"]
[Round "06"]
[TimeControl "180+1"]
[Date "2022.05.11"]
[WhiteClock "0:00:02"]
[BlackClock "0:00:03"]

1. e4 c6 2. d4 d5 3. exd5 cxd5 4. Bd3 Nc6 5. c3 Nf6 6. Bf4 Bg4 7. Qb3 Qd7 8. Nd2 e6 9. Ngf3 Bxf3 10. Nxf3 Be7 11. Ne5 Qc8 12. O-O O-O 13. Rac1 a6 14. Qc2 b5 15. a3 h6 16. Qe2 Nd7 17. Ng4 Bg5 18. Bxg5 hxg5 19. Qe3 Qd8 20. Qh3 g6 21. Qh6 Nf6 22. Bxg6 fxg6 23. Qxg6+ Kh8 24. Qh6+ Nh7 25. Rce1 Qd7 26. Rxe6 Qg7 27. Qh3 Nd8 28. Rh6 Ra7 29. Ne5 1-0


[Site "https://www.chess.com"]

[Event "Titled Tuesday Blitz May 10 Late 2022"]
[White "Kazakouski, Valery"]
[Black "Sarana, Alexey"]
[WhiteFideId "13507443"]
[BlackFideId "24133795"]
[WhiteElo "2524"]
[BlackElo "2666"]
[Result "1-0"]
[Round "06"]
[TimeControl "180+1"]
[Date "2022.05.10"]
[WhiteClock "0:01:45"]
[BlackClock "0:01:07"]

1. d4 d5 2. c4 e6 3. Nf3 Nf6 4. g3 Bb4+ 5. Bd2 Be7 6. Bg2 c6 7. O-O Nbd7 8. Qc2 b6 9. Bf4 Ba6 10. Nbd2 O-O 11. Rac1 Nh5 12. Be3 Rc8 13. Rfd1 Nhf6 14. Bf4 Nh5 15. Be3 f5 16. Qb3 Bd6 17. Bg5 Qe8 18. e3 Nhf6 19. Bf4 Qe7 20. Bxd6 Qxd6 21. Qa4 Nb8 22. c5 bxc5 23. Rxc5 Ne4 24. Nxe4 fxe4 25. Ne5 Rc7 26. Rdc1 Bb5 27. Qa3 Nd7 28. Rxb5 Qxa3 29. bxa3 Nxe5 30. dxe5 Rcf7 31. Rb2 Rc7 32. Rbc2 Rfc8 33. Bf1 c5 34. Ba6 Rb8 35. Rxc5 Rxc5 36. Rxc5 Rb2 37. Bc8 1-0


[Site "https://www.chess.com"]

[Event "Titled Tuesday Blitz May 10 Late 2022"]
[White "Keller, Peter"]
[Black "Vusatiuk, Vladimir"]
[WhiteFideId "1272105"]
[BlackFideId "14118610"]
[WhiteElo "2275"]
[BlackElo "2157"]
[Result "0-1"]
[Round "06"]
[TimeControl "180+1"]
[Date "2022.05.11"]
[WhiteClock "0:00:01"]
[BlackClock "0:00:06"]

1. e4 c5 2. c3 Qa5 3. g3 Nc6 4. Bg2 g6 5. Ne2 Bg7 6. O-O e6 7. d4 cxd4 8. cxd4 Nge7 9. d5 Ne5 10. Nbc3 O-O 11. h3 exd5 12. exd5 d6 13. f4 Nc4 14. Kh2 Qb6 15. Na4 Qb4 16. a3 Qa5 17. b4 Qd8 18. Ra2 Nf5 19. Rf3 Re8 20. Qb3 b5 21. Nac3 Nfe3 22. Nxb5 Nxg2 23. Kxg2 Nb6 24. Nbd4 Bb7 25. Nc6 Qd7 26. b5 Qf5 27. Qd3 Qxd5 28. Qxd5 Nxd5 29. Rd3 Ne7 30. Rxd6 a6 31. Kf2 axb5 32. Nxe7+ Rxe7 33. Be3 Rae8 34. Bd4 Re6 35. Rxe6 Rxe6 36. Bxg7 Kxg7 37. Rb2 Bc6 38. Nd4 Rd6 39. Nxc6 Rxc6 40. Rxb5 Rc2+ 0-1


[Site "https://www.chess.com"]

[Event "Titled Tuesday Blitz May 10 Late 2022"]
[White "Khripachenko, Alexander"]
[Black "Holt, Conrad"]
[WhiteFideId "54184975"]
[BlackFideId "2034387"]
[WhiteElo "2138"]
[BlackElo "2586"]
[Result "0-1"]
[Round "06"]
[TimeControl "180+1"]
[Date "2022.05.10"]
[WhiteClock "0:00:11"]
[BlackClock "0:01:03"]

1. e4 e6 2. d4 d5 3. Nd2 c5 4. exd5 Qxd5 5. Ngf3 cxd4 6. Bc4 Qd6 7. O-O Nf6 8. Nb3 Nc6 9. Nbxd4 Nxd4 10. Nxd4 a6 11. Bb3 Be7 12. Re1 O-O 13. c3 Bd7 14. Qf3 Qb6 15. Be3 Bc5 16. Bg5 Bxd4 17. cxd4 Bc6 18. Qf4 Nd5 19. Qg4 Rfc8 20. Bxd5 Bxd5 21. Bf6 g6 22. Qf4 Qb4 23. Re3 Rc2 24. Rh3 Qd2 25. Qxd2 Rxd2 26. b3 Rc8 27. Re3 Rxa2 28. Rae1 Rcc2 29. Rf1 Rab2 30. h4 Rxb3 31. Rxb3 Bxb3 32. Rb1 Bd5 33. h5 gxh5 34. Rb6 h6 35. Rd6 Kh7 36. Rd8 Kg6 37. Be5 f6 38. Rg8+ Kf7 0-1


[Site "https://www.chess.com"]

[Event "Titled Tuesday Blitz May 10 Late 2022"]
[White "Kim, Sergey"]
[Black "Koellner, Ruben Gideon"]
[WhiteFideId "13700570"]
[BlackFideId "12993093"]
[WhiteElo "2477"]
[BlackElo "2613"]
[Result "0-1"]
[Round "06"]
[TimeControl "180+1"]
[Date "2022.05.11"]
[WhiteClock "0:00:50"]
[BlackClock "0:01:48"]

1. d4 d6 2. c4 e5 3. Nf3 e4 4. Ng5 f5 5. h4 Be7 6. Nc3 h6 7. Nh3 Nf6 8. Nf4 O-O 9. h5 Re8 10. e3 c6 11. b3 Na6 12. Bb2 Nc7 13. Be2 d5 14. Qc2 Ne6 15. g3 Nxf4 16. gxf4 Be6 17. O-O-O Kh8 18. f3 exf3 19. Bxf3 Ne4 20. Nxe4 fxe4 21. Be2 Rc8 22. Rhg1 Bf6 23. Kb1 Qe7 24. Bg4 Bxg4 25. Rxg4 b5 26. Ka1 bxc4 27. bxc4 Qb4 28. Qb3 Qxc4 29. Qxc4 dxc4 30. Rc1 c5 31. d5 Bxb2+ 32. Kxb2 Rcd8 33. Rxc4 Rxd5 34. Rxc5 Rxc5 0-1


[Site "https://www.chess.com"]

[Event "Titled Tuesday Blitz May 10 Late 2022"]
[White "Koziorowicz, Michal"]
[Black "Maksimovic, Bojan"]
[WhiteFideId "21809194"]
[BlackFideId "14408120"]
[WhiteElo "2219"]
[BlackElo "2448"]
[Result "0-1"]
[Round "06"]
[TimeControl "180+1"]
[Date "2022.05.10"]
[WhiteClock "0:00:01"]
[BlackClock "0:00:04"]

1. e4 c5 2. Nf3 Nc6 3. Bb5 e6 4. O-O Nge7 5. Re1 a6 6. Bf1 d5 7. exd5 Nxd5 8. d4 Nf6 9. Be3 Be7 10. dxc5 Qxd1 11. Rxd1 Nd5 12. Bd2 Bxc5 13. Nc3 Nxc3 14. Bxc3 f6 15. Bc4 Ke7 16. Nd4 Nxd4 17. Bxd4 Bxd4 18. Rxd4 e5 19. Rd2 Bf5 20. Rad1 Rhd8 21. Kf1 Bxc2 22. Rxd8 Rxd8 23. Rc1 Rd1+ 24. Rxd1 Bxd1 25. Bd3 h6 26. f3 Ba4 27. Kf2 Be8 28. Be4 b6 29. b4 g6 30. Ke3 f5 31. Bd3 a5 32. a3 Kd6 33. h4 Bd7 34. g3 g5 35. hxg5 hxg5 36. f4 exf4+ 37. gxf4 g4 38. Bc4 Bc6 39. Bd3 axb4 40. axb4 Bd7 41. Bc4 Be6 42. Bd3 Kd5 43. Bb1 Bc8 44. Ba2+ Kd6 45. Bc4 Bb7 46. Bd3 Ke6 47. Bc4+ Kf6 48. Kf2 Be4 49. Be2 Ke7 50. Bc4 Kd6 51. Kg3 Bd5 52. Bd3 Be6 53. Kf2 Kd5 54. Ke3 Bc8 55. Bf1 Be6 56. Bd3 Bd7 57. Bf1 Ba4 58. Bd3 Ke6 59. Bc4+ Kf6 60. Bd3 Bc6 61. Kf2 Bd5 62. Ke3 g3 63. Bb5 Be4 64. Bc4 Kg6 65. Be2 Kg7 66. Bc4 Kf8 67. Bb5 Ke7 68. Bc4 Kd6 69. Ke2 Bd5 70. Bd3 Ke6 71. Ke3 Kf6 72. Bb5 Ke7 73. Bd3 Be4 74. Bb5 Kf7 75. Bc4+ Kg7 76. Bb5 Kg6 77. Be2 Kf6 78. Bc4 Bc6 79. Bd3 Ke6 80. Bc4+ Kd6 81. Bd3 Kd5 82. Bxf5 Kc4 83. Be6+ Kxb4 84. f5 Kc5 85. f6 Kd6 86. f7 Ke7 87. Bb3 b5 88. Ke2 b4 89. Kf1 Bf3 90. Kg1 Bh5 91. Kg2 Bxf7 92. Ba4 Be8 93. Bd1 Kf6 94. Kxg3 Ke5 95. Kf3 Kd4 96. Kf4 Bf7 97. Ba4 Bg6 98. Kf3 Kc3 99. Ke3 Bc2 0-1


[Site "https://www.chess.com"]

[Event "Titled Tuesday Blitz May 10 Late 2022"]
[White "Krstulovic, Alex"]
[Black "Novikova, Galina"]
[WhiteFideId "760056"]
[BlackFideId "4157095"]
[WhiteElo "2193"]
[BlackElo "1863"]
[Result "1-0"]
[Round "06"]
[TimeControl "180+1"]
[Date "2022.05.11"]
[WhiteClock "0:02:40"]
[BlackClock "0:01:28"]

1. e4 e6 2. c4 d5 3. cxd5 exd5 4. Qa4+ Bd7 5. Qb3 Bc6 6. d4 dxe4 7. Bc4 Qxd4 8. Bxf7+ Ke7 9. Bxg8 Nd7 10. Bg5+ Nf6 11. Qf7+ Kd6 12. Qe6+ Kc5 13. Be3 1-0


[Site "https://www.chess.com"]

[Event "Titled Tuesday Blitz May 10 Late 2022"]
[White "Ladan, Nicholas"]
[Black "Petrovic, Aleksa"]
[WhiteFideId "30918855"]
[BlackFideId "967629"]
[WhiteElo "2167"]
[BlackElo "2144"]
[Result "1-0"]
[Round "06"]
[TimeControl "180+1"]
[Date "2022.05.11"]
[WhiteClock "0:00:22"]
[BlackClock "0:00:01"]

1. d4 Nf6 2. c4 e6 3. g3 d5 4. Nf3 Bb4+ 5. Bd2 Be7 6. Bg2 O-O 7. O-O c6 8. Qc2 Ne4 9. Bf4 Nd7 10. Nc3 f5 11. Ne5 Nxe5 12. Bxe5 Bd7 13. Nxe4 fxe4 14. f3 exf3 15. Bxf3 Bf6 16. Bxf6 Qxf6 17. Qc3 Qg5 18. Bg2 h6 19. c5 Rxf1+ 20. Rxf1 Be8 21. h4 Qg4 22. Qe3 Bh5 23. Rf3 Rf8 24. Kh2 Qg6 25. Rxf8+ Kxf8 26. Bh3 Qc2 27. Qf4+ Bf7 28. Qb8+ Be8 29. Qd6+ Kg8 30. Bxe6+ Kh7 31. Qe5 Bg6 32. h5 Be4 33. Kh3 1-0


[Site "https://www.chess.com"]

[Event "Titled Tuesday Blitz May 10 Late 2022"]
[White "Le Goff, Ronan"]
[Black "Kujawski, Adam"]
[WhiteFideId "612073"]
[BlackFideId "1100920"]
[WhiteElo "2276"]
[BlackElo "1982"]
[Result "0-1"]
[Round "06"]
[TimeControl "180+1"]
[Date "2022.05.11"]
[WhiteClock "0:00:52"]
[BlackClock "0:00:11"]

1. d4 Nf6 2. c4 e6 3. Nf3 c5 4. e3 b6 5. Nc3 Bb7 6. d5 d6 7. e4 e5 8. h3 Be7 9. Be3 O-O 10. Bd3 Ne8 11. O-O g6 12. Nh2 f5 13. exf5 gxf5 14. f4 e4 15. Be2 Nd7 16. g4 Ng7 17. g5 a6 18. a4 h5 19. gxh6 Ne8 20. Kh1 Kh7 21. Rg1 Ndf6 22. Bh5 Rg8 23. Qe2 Bf8 24. Rxg8 Nxg8 25. Rg1 Bxh6 26. Bf7 Nef6 27. Qg2 Qf8 28. Qg6+ Kh8 29. Be6 Ne7 30. Qg3 Bc8 31. Qh4 Bxe6 32. dxe6 Ra7 33. Nf1 Kh7 34. Ng3 Ng6 35. Nxf5 Nxh4 36. Nxh4 Nh5 37. Nd5 Rg7 38. Rxg7+ Nxg7 39. e7 Qf7 40. Kg2 Ne8 41. Kg3 Bg7 42. f5 Nf6 43. Ng6 Nxd5 44. cxd5 Bf6 45. Nf8+ Kg8 46. Ng6 Bxe7 47. Kg4 Bf6 48. b3 Bd4 49. Bf4 e3 50. Bxd6 e2 51. Bg3 Qf6 52. d6 Bc3 53. d7 e1=Q 54. Bxe1 Bxe1 55. h4 Kf7 56. h5 Qd8 57. h6 Qxd7 58. Ne5+ Ke7 59. Nxd7 Kxd7 60. Kg5 Bc3 61. Kg6 Ke7 62. h7 b5 63. axb5 axb5 64. Kg5 Kf7 65. Kf4 c4 66. bxc4 bxc4 67. Ke4 Bf6 68. Ke3 c3 69. Kd3 Kg7 70. h8=Q+ Kxh8 71. Kc2 Kg7 72. Kb3 Kh6 73. Kc2 Kg5 74. Kd3 Kxf5 75. Kc2 Ke6 76. Kb3 Kd6 77. Kc2 Kd5 78. Kd3 Kc5 79. Kc2 Kc4 80. Kd1 Kb3 81. Kc1 c2 82. Kd2 Bg5+ 83. Ke2 c1=Q 84. Kf3 Qf4+ 85. Kg2 Kc4 86. Kh3 Kd3 87. Kg2 Qg4+ 88. Kf1 Qe2+ 89. Kg1 Ke3 90. Kh1 Kf3 91. Kg1 Qg2# 0-1


[Site "https://www.chess.com"]

[Event "Titled Tuesday Blitz May 10 Late 2022"]
[White "Lehtosaari, Mauri"]
[Black "Tatarinov, Dmitry"]
[WhiteFideId "501999"]
[BlackFideId "24160067"]
[WhiteElo "2513"]
[BlackElo "2302"]
[Result "1-0"]
[Round "06"]
[TimeControl "180+1"]
[Date "2022.05.11"]
[WhiteClock "0:00:13"]
[BlackClock "0:00:03"]

1. d4 d5 2. c4 c6 3. cxd5 cxd5 4. Nf3 Nf6 5. Nc3 Nc6 6. e3 a6 7. Bd3 Bg4 8. Qb3 Bxf3 9. gxf3 Rb8 10. Bd2 e6 11. Rg1 g6 12. Rc1 Bd6 13. h3 O-O 14. f4 Kh8 15. Na4 Na5 16. Qb6 Nc4 17. Qxd8 Rfxd8 18. Bc3 b5 19. Nc5 b4 20. Bd2 Bxc5 21. dxc5 Nxd2 22. Kxd2 a5 23. c6 Ne4+ 24. Ke2 Rbc8 25. Rc2 Rc7 26. Bxe4 dxe4 27. Rg5 f5 28. Rg1 Kg7 29. Rgc1 Kf7 30. Rc5 Ra8 31. Rb5 Ke7 32. Rcc5 Ra6 33. Rxa5 Rxa5 34. Rxa5 Rxc6 35. Kd2 Rb6 36. Ra7+ Kf6 37. Rxh7 e5 38. fxe5+ Kxe5 39. Ra7 Kf6 40. h4 Ke5 41. Kc2 Rd6 42. a4 bxa3 43. bxa3 Rc6+ 44. Kd2 Rb6 45. Ke2 Rb2+ 46. Kf1 Ra2 47. Ra6 Ra1+ 48. Kg2 Ra2 49. Rxg6 Rxa3 50. Rb6 Ra8 51. Kg3 Rg8+ 52. Kh3 Rg1 53. Kh2 Rg4 54. Kh3 Rg1 55. Kh2 Rg8 56. Rb5+ Kf6 57. Kh3 Rg1 58. Kh2 Rg4 59. Kh3 Kg6 60. Rb8 Kh6 61. Rf8 Rg1 62. Rxf5 Kg6 63. Rf4 Kh5 64. Rxe4 Rh1+ 65. Kg3 Rg1+ 66. Kh2 Rf1 67. Kg2 Ra1 68. Rb4 Ra4 69. Rxa4 1-0


[Site "https://www.chess.com"]